woodfighter, chaotic female orcish Cavewoman -- |}} |.---- ----}} ------ |.....- |..}} -------....| |......---.}}}- --..|.......-- .........}}.| ----............| -....}.}.---...............| |....}}.....[--------|--...--- |...}}}}.....|%%% |...|.....------ |..}}}}}..%..|%%% |...|.......>..| |.}}}}}}.....| . |---|.--..----.--- |.}}}}}......--+---|...|.|....| |...| -- |..}}}}}...........|...|......| |--.--- ---.. |.}}}}}}}..........--|--......--|.....-- ........ -+---.}}}}}}}-+---|-..............<--......| .......(h}..}}}}| |..|.................--...-- -...}}..}}}}@| |..|....----.--..|...|----- |..}.}..};}}.-------...--..--------.-- |.;}}d.h.};}.....)......**..| --- -}}}...G.;;}@---..-------...| |}}}.---h@}}}.| ---- --..| |}}-- ---}}}}| ---- woodfighter the Young Cave Woman Experience level: 6 Strength: 18/02 Dexterity: 15 Constitution: 18 Intelligence: 8 Wisdom: 8 Charisma: 6 Health: 0(53) Energy: 13(13) Def: 2 Gold: 211 Moves: 2824 Dungeon seed: jvbjxJf7ajH2xbyT Game ID: woodfighter_1475409324 Your Inventory: Coins $ - 211 gold pieces Weapons a - a +1 club (weapon in hand) b - a blessed +2 sling (alternate weapon; not wielded) u - 5 +1 dwarvish spears (in quiver) Armor e - an uncursed +0 dwarvish cloak n - a cursed +0 robe q - an uncursed +0 leather armor (being worn) r - an uncursed +0 orcish helm s - an uncursed +0 pair of iron shoes t - an uncursed +0 dwarvish cloak z - an uncursed +0 dwarvish iron helm C - a blessed +1 elven mithril-coat M - an uncursed +0 dwarvish cloak N - an uncursed +0 dwarvish cloak X - an uncursed +0 dwarvish cloak Y - an uncursed +0 dwarvish cloak Comestibles c - 3 uncursed food rations d - an uncursed lichen corpse Scrolls f - an uncursed scroll of gold detection g - an uncursed scroll of scare monster h - a cursed scroll of enchant weapon p - a blessed scroll of identify x - a blessed scroll of light Z - an uncursed scroll of stinking cloud Potions i - an uncursed potion of water k - an uncursed potion of booze w - a cursed potion of restore ability L - a cursed potion of gain ability O - an uncursed potion of sickness T - an uncursed potion of full healing Wands j - a wand of enlightenment (0:11) m - a wand of magic missile (0:4) B - a wand of digging (0:8) E - a wand of speed monster (0:4) J - a cursed wand of locking (0:7) Tools l - an uncursed oil lamp (0:1149) o - an uncursed tallow candle (0:200) y - an uncursed lock pick A - an uncursed wax candle (0:400) K - a +0 pick-axe Spells and supernatural/magical abilities: Name Level Category Fail Memory W - pray for help -- divine ? -- Your skills at the end: Miscellaneous Skills bare handed combat [Basic] Weapon Skills scimitar [Basic] club [Basic] sling [Basic] Spellcasting Skills Final Attributes: You were piously aligned. You were poison resistant. You had infravision. You were fast. You are dead. Vanquished creatures: a blue jelly 3 human zombies 5 gnome lords a gnomish wizard a floating eye 6 dwarves a jitterbug a wererat 3 hobbits 3 large kobolds 2 geckos a cave spider 2 brown molds a red mold 19 gnomes 5 jackals 3 foxes 7 newts 2 goblins 3 lichens a kobold zombie 71 creatures vanquished. Voluntary challenges: You did not adorn yourself with jewelry or accessories. You did not cause conflict. You were not invisible. You did not have reflection. You were not displaced. You were an atheist. You used a wielded weapon 87 times, starting on turn 50. You did not use containers. You did not apply a unicorn horn. You did not use plumbed fixtures. You did not drink any magical draughts. You were illiterate. You never genocided any monsters. You never polymorphed an object. You never changed form. You used no wishes. You never split a pudding. You never wrote Elbereth's name. You never violated your personal moral code. Dungeon overview: The Dungeons of Doom: levels 1 to 4 Level 1 (locked) a sink a long staircase Level 2 (water + locked) Level 3 (locked + vault) a fountain, a sink stairs to The Gnomish Mines Level 4 The Gnomish Mines: levels 4 to 8 Level 4 stairs to The Dungeons of Doom Level 5 Level 6 Level 7 <- You were here a delicatessen Level 8 History has recorded: On T:1 you entered the Dungeons of Doom to retrieve the Amulet of Yendor! On T:26 you reached level 2 of The Dungeons of Doom. On T:634 you advanced to experience level 2. On T:757 you reached level 3 of The Dungeons of Doom. On T:845 you reached level 4 of The Dungeons of Doom. On T:973 you advanced to experience level 3. On T:1120 you reached level 1 of The Gnomish Mines. On T:1323 you advanced to experience level 4. On T:1479 you advanced to experience level 5. On T:1750 you reached level 2 of The Gnomish Mines. On T:2118 you advanced to experience level 6. On T:2535 you reached level 3 of The Gnomish Mines. On T:2699 you reached level 4 of The Gnomish Mines. On T:2715 you reached level 5 of The Gnomish Mines. Score breakdown: Gold: 211 ( 21 points) Experience: 6 levels ( 500 points) Exploration: 8 levels ( 210 points) Discoveries: 26 items ( 1300 points) Variety of kills: 21 monsters ( 1050 points) Major goal: (nothing yet) ( 0 points) Survival: died (score multiplied by 3) Total score: 9243 Latest messages: Your movements are now unencumbered. This door is locked. You succeed in picking the lock. The door opens. The hobbit wields a sling! You stop exploring. The hobbit shoots a flint! You are hit by a flint. The hobbit shoots a flint! You are hit by a flint. You kill the hobbit! There are a few objects here. You have a little trouble lifting C - an elven mithril-coat. Your movements are slowed slightly because of your load. The dwarf lord wields a dagger! The dwarf lord thrusts his dagger at the cavewoman. The dwarf lord stabs you! You hit the dwarf lord! (2x) The piranha bites! (2x) The dwarf lord thrusts his dagger at the cavewoman. The dwarf lord stabs you! The dwarf lord thrusts his dagger at the cavewoman. The dwarf lord stabs you! The gnome lord punches you! You die... Final status: Goodbye woodfighter the Cavewoman, killed by a gnome lord... You died in The Gnomish Mines on dungeon level 7 with 9243 points, and 211 pieces of gold, after 2824 moves. You were level 6 with a maximum of 53 hit points when you died.